 Dungeon Crawl Stone Soup version 0.24.0-37-gcf1ca852f1 (webtiles) character file.

Game seed: 17876963927225405329, levelgen mode: deterministic

50 Delamore the Chopper (level 3, 31/31 HPs)
             Began as a Hill Orc Fighter on Nov 30, 2019.
             Was an Initiate of Gozag.
             Quit the game on level 2 of the Dungeon.
             The game lasted 00:01:27 (1403 turns).

Delamore the Chopper (Hill Orc Fighter)             Turns: 1403, Time: 00:01:28

Health: 31/31      AC:  6    Str: 19    XL:     3   Next: 79%
Magic:  3/3        EV:  7    Int:  8    God:    Gozag
Gold:   100        SH:  9    Dex: 10    Spells: 2/2 levels left

rFire    . . .     SeeInvis .   a - +0 war axe
rCold    . . .     Gourm    .   c - +0 shield
rNeg     . . .     Faith    .   b - +0 scale mail
rPois    .         Spirit   .   (no helmet)
rElec    .         Reflect  .   (no cloak)
rCorr    .         Harm     .   (no gloves)
MR       .....                  (no boots)
Stlth    ..........             (no amulet)
HPRegen  0.10/turn              (no ring)
MPRegen  0.08/turn              (no ring)

@: no status effects
A: no striking features
a: Potion Petition, Call Merchant, Bribe Branch, Renounce Religion


You were on level 2 of the Dungeon.
You worshipped Gozag.
Gozag was aware of your devotion.
You were not hungry.

You visited 1 branch of the dungeon, and saw 2 of its levels.

You collected 100 gold pieces.

Inventory:

Hand Weapons
 a - a +0 war axe (weapon)
Armour
 b - a +0 scale mail (worn)
 c - a +0 shield (worn)
Jewellery
 h - an uncursed ring of fire
Scrolls
 m - a scroll of identify {unknown}
 n - a scroll of immolation {unknown}
 o - a scroll of enchant armour {unknown}
Potions
 d - a potion of might
 e - a potion of ambrosia {unknown}
 g - a potion of mutation {unknown}
 i - a potion of heal wounds {unknown}
 j - a potion of invisibility {unknown}
 k - a potion of magic {unknown}
Comestibles
 f - 4 rations


   Skills:
 - Level 3.6 Fighting
 + Level 5.3 Axes
 - Level 3.2 Armour
 - Level 3.2 Shields


You had 2 spell levels left.
You didn't know any spells.
Your spell library was empty.

Dungeon Overview and Level Annotations

Branches:
Dungeon (2/15)

Altars:
Gozag


Message History

No target in view!
No target in view!
You see here a rat corpse.
Found a faded altar of an unknown god.
You now have 100 gold pieces (gained 16).
There is a faded altar of an unknown god here.
You see here a rat corpse.
Found 13 stones.
You see here a rat corpse.
There is a faded altar of an unknown god here.
You cannot tell which god this altar belongs to.
Convert to them anyway?
Okay, then.
You cannot tell which god this altar belongs to.
Convert to them anyway?
Gozag accepts your prayer! Gozag welcomes you!
Gozag waives the service fee.
Gozag offers you a free set of potion effects!
Quiver which item? (- for none, * to show all) (? for menu, Esc to quit)
Okay, then.
Are you sure you want to abandon this character and quit the game? (Confirm with "yes".)

.# .#####
.....####
.###....# . .#
####.# #. .# #.#
.. .# #.# .♣ .#
#.##.♣♣ ♣♣♣♣ .#
#.#...♣♣♣♣@.♣♣ #
#.#.♣ ♣..♣.♣.♣
#...♣ ♣♣♣.♣♣♣♣
#.#.♣♣♣♣♣....♣ .#
#....♣♣.♣♣♣.♣♣(.#
#..♣.♣.♣†...♣♣..
#....♣.♣♣♣♣♣♣.# #
#.##.♣♣.♣....♣..
#.####....♣.♣.#.#


There were no monsters in sight!

Vanquished Creatures
  3 worms (D:2)
  3 dart slugs (D:1)
  A leopard gecko (D:1)
  3 giant cockroaches
  3 goblins (D:1)
  6 hobgoblins
  5 kobolds
  A bat (D:1)
  5 frilled lizards
  5 rats
35 creatures vanquished.

Notes
Turn   | Place    | Note
-------+----------+-------------------------------------------
     0 | D:1      | Delamore the Hill Orc Fighter began the quest for the Orb.
     0 | D:1      | Reached XP level 1. HP: 19/19 MP: 1/1
     9 | D:1      | Reached skill level 3 in Axes
   266 | D:1      | Reached XP level 2. HP: 25/26 MP: 2/2
   300 | D:1      | Reached skill level 4 in Axes
   892 | D:1      | Reached XP level 3. HP: 31/31 MP: 3/3
  1142 | D:2      | Reached skill level 5 in Axes
  1365 | D:2      | Found a faded altar of an unknown god.
  1402 | D:2      | Became a worshipper of Gozag Ym Sagoz the Greedy
  1403 | D:2      | Quit the game

Levels and vault maps discovered:
D:1:      noname_arrival_rooms_in_the_neighbourhood, layout_basic,
          chequers_serial_rivers_marsh
D:2:      layout_loops_ring, chequers_ecumenical_altar_grove, first_ration,
          grunt_ministairs_8, kennysheep_generic_room_16

Skill      XL: |  1  2  3 |
---------------+----------+-----
Axes           | 3 4 5 |  5.3
Fighting       | |  3.6
Armour         | |  3.2
Shields        | |  3.2

Action                   || total
-------------------------++-------
Melee: War axe           ||   122
  Eat: Chunk             ||     2
Armor: Scale mail        ||    44
Dodge: Dodged            ||    24
Block: Shield            ||    54
